 Dungeon Crawl Stone Soup version 0.27-a0-1105-g946c659c87 (webtiles) character file.

Game seed: 1198146175515156790

515 robertstho the Chopper (level 7, -4/44 HPs)
             Began as a Tengu Berserker on Apr 30, 2021.
             Was a Priest of Trog.
             Killed by divine providence
             ... invoked by an orc priest
              (11 damage)
             ... on level 4 of the Dungeon.
             The game lasted 00:03:56 (3669 turns).

robertstho the Chopper (Tengu Berserker)            Turns: 3669, Time: 00:03:57

Health: -4/44      AC:  5    Str: 19    XL:     7   Next: 20%
Magic:  8/8        EV: 14    Int:  7    God:    Trog [***...]
Gold:   79         SH:  0    Dex: 14    Spells: 6/6 levels left

rFire    . . .     SeeInvis .   a - +0 hand axe
rCold    . . .     Faith    .   (no shield)
rNeg     . . .     Spirit   .   j - +0 ring mail
rPois    .         Reflect  .   (helmet restricted)
rElec    .         Harm     .   (no cloak)
rCorr    .         Rampage  .   (no gloves)
Will     .....                  (boots unavailable)
Stlth    +.........             (no amulet)
HPRegen  0.14/turn              (no ring)
MPRegen  0.11/turn              (no ring)

@: about to teleport, flying quickly and evasively, quick
A: beak, talons 3, nimble flight
a: Renounce Religion, Berserk, Trog's Hand


You were on level 4 of the Dungeon.
You worshipped Trog.
Trog was most pleased with you.
You visited 1 branch of the dungeon, and saw 4 of its levels.

You collected 79 gold pieces.

Inventory:

Hand Weapons
 a - a +0 hand axe (weapon)
 b - a +0 morningstar
Armour
 j - a +0 ring mail (worn)
Scrolls
 c - a scroll of vulnerability {unknown}
 d - a scroll of immolation
 e - 2 scrolls of teleportation
 h - 2 scrolls of amnesia
 i - a scroll of magic mapping


   Skills:
 * Level 5.1 Fighting
 + Level 5.5 Axes
 * Level 3.8 Armour
 + Level 3.5 Dodging
 + Level 2.0 Stealth


You had 6 spell levels left.
You didn't know any spells.
Your spell library was empty.

Dungeon Overview and Level Annotations

Branches:
Dungeon (4/15)
 Temple: D:4-7

Altars:
Elyvilon


Innate Abilities, Weirdness & Mutations

You have a beak for a mouth.
You have claws for feet.
Your magical nature lets you fly swiftly and evasively.


Message History

Trog accepts your kill.
You closely miss the orc. You barely miss the orc.
The orc hits you with a +0 mace. The orc closely misses you.
You hit the orc.
The orc is lightly wounded.
You hit the orc. The orc closely misses you.
The orc priest calls down the wrath of Beogh upon you.
Beogh smites you!
The orc warrior hits you from afar with a +0 glaive!
* * * LOW HITPOINT WARNING * * *
The orc hits you with a +0 war axe.
* * * LOW HITPOINT WARNING * * *
You feel much better. The orc hits you with a +0 mace.
The orc completely misses you.
The orc warrior hits you from afar with a +0 glaive!
* * * LOW HITPOINT WARNING * * *
You feel much better. The orc hits you but does no damage.
The orc barely misses you.
The orc warrior hits you from afar with a +0 glaive!!
* * * LOW HITPOINT WARNING * * *
The orc closely misses you.
The orc priest looks encouraged for a moment.
As you read the scroll labelled LAEPEEGAIV, it crumbles to dust.
It is a scroll of amnesia.
You feel forgetful for a moment. The orc hits you with a +0 mace.
* * * LOW HITPOINT WARNING * * *
The orc hits you with a +0 whip.
* * * LOW HITPOINT WARNING * * *
It was a potion of curing.
You feel better. The orc completely misses you. x2
The orc hits you with a +0 whip.
* * * LOW HITPOINT WARNING * * *
You feel better. The orc warrior misses you. The orc misses you. x2
As you read the scroll labelled ARIPRI ILURO, it crumbles to dust.
You feel strangely unstable.
It was a scroll of teleportation.
The orc warrior completely misses you. The orc hits you with a +0 war axe.
* * * LOW HITPOINT WARNING * * *
The orc closely misses you. x2
The orc priest calls down the wrath of Beogh upon you.
Beogh smites you!
You die...

... .# .... #.#
...^#####.# .........>##
...........# #####
#..........####### ....#
#................# ....#
#.....ooo........#
....##.##......o@........#
....##.########o.........#
....##.# #..........#
....##.# #........###
....##.# #####........#
....##.# #............#
....##.# #............#
....##'####............#
.......................#


You could see an orc warrior, an orc priest and 3 orcs.

Vanquished Creatures
  Grinder (D:3)
  A black bear (D:4)
  A scorpion (D:2)
  A hound (D:4)
  Jessica (D:3)
  2 adders
  A worm (D:2)
  3 dart slugs
  3 endoplasms
  5 giant cockroaches
  10 goblins
  7 hobgoblins
  12 jackals
  7 quokkas
  3 ball pythons
  9 bats
  2 frilled lizards (D:3)
  5 kobolds
  A quokka skeleton (D:4)
  7 rats
82 creatures vanquished.

Notes
Turn   | Place    | Note
-------+----------+-------------------------------------------
     0 | D:1      | robertstho the Tengu Berserker began the quest for the Orb.
     0 | D:1      | Reached XP level 1. HP: 14/14 MP: 2/2
    29 | D:1      | Reached XP level 2. HP: 17/19 MP: 3/3
   975 | D:1      | Reached XP level 3. HP: 20/24 MP: 4/4
  1738 | D:2      | Reached ** piety under Trog
  1903 | D:2      | Reached XP level 4. HP: 19/29 MP: 5/5
  2075 | D:2      | Noticed a scorpion
  2080 | D:2      | Killed a scorpion
  2081 | D:2      | Gained mutation: Your magical nature lets you fly swiftly
                  | and evasively. [Tengu growth]
  2081 | D:2      | Reached XP level 5. HP: 33/33 MP: 6/6
  2192 | D:2      | You are sucked into a shaft and drop 1 floor!
  2586 | D:3      | Noticed Jessica
  2591 | D:3      | Killed Jessica
  2599 | D:3      | Noticed Grinder
  2608 | D:3      | Killed Grinder
  2609 | D:3      | Reached skill level 5 in Axes
  2609 | D:3      | Reached skill level 1 in Stealth
  2609 | D:3      | Reached XP level 6. HP: 40/40 MP: 7/7
  2939 | D:3      | Found a faded altar of an unknown god.
  3152 | D:4      | Noticed a black bear
  3161 | D:4      | Killed a black bear
  3162 | D:4      | Reached skill level 5 in Fighting
  3162 | D:4      | Reached XP level 7. HP: 29/44 MP: 8/8
  3449 | D:4      | Reached *** piety under Trog
  3527 | D:4      | Found a white marble altar of Elyvilon.
  3662 | D:4      | HP: 1/44 [orc/+0 war axe (4)]
  3669 | D:4      | Killed from afar by an orc priest

Illustrated notes

Levels and vault maps discovered:
D:1:      onia_arrival_handbag, layout_basic, chequers_serial_rivers_large_a
D:2:      layout_basic
D:3:      layout_loops_ring, hellmonk_ecumenical_altar_slurped_away,
          kennysheep_generic_room_3, uniq_grinder, uniq_jessica
D:4:      wander_river, layout_basic, lemuel_doored_altar, marbit_many_paths,
          feat_on_display

Skill      XL: |  1  2  3  4  5  6  7 |
---------------+----------------------+-----
Fighting       | 4 5 |  5.1
Axes           | 4 5 |  5.5
Armour         | 3 |  3.8
Dodging        | 3 |  3.5
Stealth        | 1 2 |  2.0

Action                   |  1- 3 |  4- 6 |  7- 9 || total
-------------------------+-------+-------+-------++-------
Melee: Hand axe          |    89 |    60 |    25 ||   174
       Peck              |    15 |    10 |     2 ||    27
       Kick              |    17 |    19 |     9 ||    45
Invok: Berserk           |     1 |     3 |       ||     4
  Use: Scroll            |       |     3 |     2 ||     5
       Potion            |       |       |     4 ||     4
 Stab: Sleeping          |     1 |     4 |       ||     5
Armor: Animal skin       |    12 |     4 |       ||    16
       Ring mail         |       |    10 |    10 ||    20
Dodge: Dodged            |    58 |    46 |    26 ||   130

Table legend: (Time is in decaauts)
 A = Elapsed time spent in this place.
 B = Non-inter-level travel time spent in this place.
 C = Inter-level travel time spent in this place.
 D = Time resting spent in this place.
 E = Time spent auto-exploring this place.
 F = Levels seen in this place.
 G = Mean time per level.
                   A        B        C        D        E       F      G
               +--------+--------+--------+--------+--------+-----+--------+
         Total |   3624 |   3505 |    119 |    211 |   2818 |   4 |  906.0 |
       Dungeon |   3624 |   3505 |    119 |    211 |   2818 |   4 |  906.0 |
               +--------+--------+--------+--------+--------+-----+--------+

Top non-repeatable levels by time:
     D:1: 1537 daAuts
     D:3: 859 daAuts
     D:2: 742 daAuts
     D:4: 484 daAuts
